 Dungeon Crawl Stone Soup version 0.24.0-125-gc4c63601f3 (webtiles) character file.

Game seed: 13159562781020359358, levelgen mode: deterministic

3665 Mrkan the Carver (level 10, 0/88 HPs)
             Began as a Hill Orc Fighter on Feb 24, 2020.
             Was a Follower of Uskayaw.
             Killed from afar by an orc wizard (7 damage)
             ... with a magic dart
             ... on level 8 of the Dungeon.
             The game lasted 00:18:39 (8081 turns).

Mrkan the Carver (Hill Orc Fighter)                 Turns: 8081, Time: 00:18:40

Health: 0/88       AC: 18    Str: 23    XL:     10   Next: 12%
Magic:  15/15      EV:  5    Int:  8    God:    Uskayaw [*.....]
Gold:   354        SH: 11    Dex: 10    Spells: 9/9 levels left

rFire    . . .     SeeInvis .   a - +1 long sword
rCold    . . .     Gourm    .   c - +0 shield
rNeg     . . .     Faith    .   b - +0 plate armour
rPois    .         Spirit   .   w - +1 helmet
rElec    .         Reflect  .   D - +0 cloak
rCorr    .         Harm     .   u - +0 pair of gloves
MR       .....                  (no boots)
Stlth    ..........             (no amulet)
HPRegen  0.24/turn              (no ring)
MPRegen  0.14/turn              (no ring)

@: slowed, very slow
A: no striking features
a: Stomp, Renounce Religion


You were on level 8 of the Dungeon.
You worshipped Uskayaw.
Uskayaw was noncommittal.
You were very hungry.

You visited 1 branch of the dungeon, and saw 8 of its levels.

You collected 354 gold pieces.

Inventory:

Hand Weapons
 a - a +1 long sword (weapon)
 q - a +2 flail of protection
 E - a +1 spear of venom
Missiles
 F - 7 javelins (quivered)
Armour
 b - a +0 plate armour (worn)
 c - a +0 shield (worn)
 u - a +0 pair of gloves (worn)
 w - a +1 helmet (worn)
 B - a +3 ring mail of poison resistance
 D - a +0 cloak (worn)
Jewellery
 i - an uncursed ring of resist corrosion {unknown}
 k - an uncursed amulet of harm {unknown}
 p - an uncursed ring of positive energy {unknown}
 r - an uncursed amulet of magic regeneration {unknown}
 v - an uncursed ring of protection from magic
 x - a cursed ring of teleportation {unknown}
 z - a +2 ring of protection {unknown}
 G - a +3 ring of dexterity {unknown}
Wands
 m - a wand of acid (6)
 y - a wand of polymorph (7)
Scrolls
 e - 2 scrolls of enchant armour
 h - 2 scrolls of magic mapping
 j - 2 scrolls of teleportation
 l - 11 scrolls of identify
 n - 4 scrolls of remove curse
 H - a scroll of immolation {unknown}
Potions
 d - 3 potions of might
 o - a potion of flight {unknown}
 t - 2 potions of heal wounds {unknown}
 A - a potion of haste {unknown}
 C - a potion of invisibility {unknown}
Comestibles
 f - 9 rations


   Skills:
 + Level 7.9 Fighting
 * Level 9.5 Long Blades
 + Level 7.1 Armour
 + Level 7.1 Shields
 + Level 7.0 Invocations


You had 9 spell levels left.
You didn't know any spells.
Your spell library was empty.

Dungeon Overview and Level Annotations

Branches:
Dungeon (8/15)             Temple (0/1) D:4
   Lair: D:8-11

Altars:
Ashenzari
Fedhas
Gozag
Kikubaaqudgha
Nemelex Xobeh
Okawaru
Ru
Sif Muna
Trog
Uskayaw
Xom
Yredelemnul
The Shining One

Shops:
D:7 [


Message History

Your plate armour prevents you from hitting the orc wizard.
The orc wizard barely misses you.
You riposte.
You closely miss the orc wizard.
The orc wizard points at you and mumbles some strange words.
You block the puff of flame. You block the orc's attack.
You block the wraith's attack.
The orc wizard hits you but does no damage.
Your plate armour prevents you from hitting the orc wizard.
The orc hits you but does no damage. The wraith hits you.
* * * LOW HITPOINT WARNING * * *
The wraith drains your vigour!
You feel as though you will be slow longer.
The orc wizard barely misses you. The orc hits you but does no damage.
You block the wraith's attack.
You barely miss the orc wizard. You block the orc wizard's attack.
The orc wizard barely misses you.
The freed slave barely misses the wraith.
You block the wraith's attack. You block the orc's attack.
The orc wizard casts a spell at you. The magic dart hits you!
You die...

#.....#......'...## ##
#.....#.....##...# ..##
#.....#.....####'##...#
##.####)######.......#
##.####.# .##.......##
........+ '<........#
........# ##...##...#
........#...##p.o# ...#
........#......o@# ..##
...##...##?.##..W# ..
...##...### #..p. ..#
......... ......# ##
.......... .......' ..
... .........#. #. #.#
#######.###
##.##.###### #.#
.#.........#


You could see a wraith, an orc wizard, an orc and 2 neutral freed slaves.

Vanquished Creatures
  Pikel (D:8)
  Grinder (D:4)
  Sigmund (D:5)
  Edmund (D:5)
  5 necrophages (D:7)
  A centaur (D:7)
  5 ogres
  Blork the orc (D:4)
  2 bullfrogs
  3 scorpions
  3 killer bees (D:8)
  3 vampire bats (D:6)
  2 howler monkeys
  A bullfrog zombie (D:7)
  3 crimson imps
  2 jellies
  3 orc priests
  6 hounds
  3 orc wizards
  2 iguanas
  3 worker ants
  A killer bee zombie (D:7)
  2 hound skeletons (D:6)
  Robin (D:3)
  2 worker ant zombies (D:6)
  8 gnolls
  16 adders
  3 shadow imps
  An ooze (D:5)
  An adder skeleton (D:5)
  A worm (D:4)
  3 dart slugs
  6 leopard geckos
  6 orcs
  4 ball pythons
  7 bats
  A bat skeleton (D:6)
  4 bat zombies (D:6)
  7 giant cockroaches
  17 hobgoblins
  2 jackals (D:1)
  8 kobolds
  4 quokkas
  9 frilled lizards
  17 goblins
  10 rats
193 creatures vanquished.

Vanquished Creatures (others)
  An orc wizard (D:8)
  2 bushes (D:7)
  11 plants (D:7)
14 creatures vanquished.

Grand Total: 207 creatures vanquished

Notes
Turn   | Place    | Note
-------+----------+-------------------------------------------
     0 | D:1      | Mrkan the Hill Orc Fighter began the quest for the Orb.
     0 | D:1      | Reached XP level 1. HP: 19/19 MP: 1/1
   159 | D:1      | Reached XP level 2. HP: 27/27 MP: 2/2
   484 | D:1      | Reached XP level 3. HP: 33/33 MP: 3/3
   496 | D:1      | Reached skill level 3 in Long Blades
  1234 | D:2      | Reached XP level 4. HP: 40/40 MP: 4/4
  1367 | D:2      | Found a hide-covered altar of Uskayaw.
  1382 | D:2      | Became a worshipper of Uskayaw the Reveler
  1414 | D:2      | Reached * piety under Uskayaw
  1923 | D:3      | Noticed Robin
  1929 | D:3      | Reached ** piety under Uskayaw
  1931 | D:3      | Killed Robin
  1934 | D:3      | Reached XP level 5. HP: 47/47 MP: 5/5
  1945 | D:3      | Reached *** piety under Uskayaw
  2080 | D:3      | Reached skill level 4 in Long Blades
  2103 | D:3      | Reached skill level 1 in Invocations
  2566 | D:4      | Noticed Grinder
  2593 | D:4      | Killed Grinder
  2593 | D:4      | Reached XP level 6. HP: 23/55 MP: 5/7
  2681 | D:4      | Reached skill level 5 in Long Blades
  2689 | D:4      | Reached skill level 5 in Fighting
  2919 | D:4      | Found a shimmering blue altar of Sif Muna.
  2920 | D:4      | Noticed Blork the orc
  2932 | D:4      | Killed Blork the orc
  2932 | D:4      | Reached XP level 7. HP: 36/61 MP: 7/9
  2956 | D:4      | Found a staircase to the Ecumenical Temple.
  3201 | D:5      | Entered Level 5 of the Dungeon
  3260 | D:5      | Found a shimmering altar of Xom.
  3294 | D:5      | Noticed Edmund
  3313 | D:5      | Killed Edmund
  3623 | D:5      | Found a shattered altar of Ashenzari.
  3625 | D:5      | Found a sacrificial altar of Ru.
  3627 | D:5      | Found an opulent altar of Gozag.
  3628 | D:5      | Found a glowing golden altar of the Shining One.
  3628 | D:5      | Found a sparkling altar of Nemelex Xobeh.
  3642 | D:5      | Reached skill level 5 in Armour
  3686 | D:5      | Reached skill level 5 in Shields
  3768 | D:5      | Reached skill level 6 in Long Blades
  3768 | D:5      | Reached XP level 8. HP: 8/69 MP: 10/10
  4150 | D:5      | Noticed Sigmund
  4164 | D:5      | Killed Sigmund
  4285 | D:5      | Found a bloodstained altar of Trog.
  4385 | D:5      | Found a shattered altar of Ashenzari.
  4610 | D:6      | Reached skill level 7 in Long Blades
  4611 | D:6      | Reached **** piety under Uskayaw
  5041 | D:6      | Reached skill level 5 in Invocations
  5115 | D:6      | Found a sparkling altar of Nemelex Xobeh.
  5172 | D:6      | Found a basalt altar of Yredelemnul.
  5508 | D:6      | Found an ancient bone altar of Kikubaaqudgha.
  5530 | D:6      | Reached XP level 9. HP: 77/78 MP: 12/12
  5867 | D:7      | Found an iron altar of Okawaru.
  6080 | D:7      | Found a blossoming altar of Fedhas.
  6111 | D:7      | Reached skill level 8 in Long Blades
  6154 | D:7      | Found Ofit's Antique Armour Shoppe.
  6863 | D:7      | Reached ***** piety under Uskayaw
  7662 | D:8      | Reached skill level 9 in Long Blades
  7982 | D:8      | Noticed Pikel
  7991 | D:8      | Killed Pikel
  7991 | D:8      | Reached XP level 10. HP: 78/86 MP: 13/15
  8077 | D:8      | HP: 2/86 [wraith (9)]
  8081 | D:8      | Killed from afar by an orc wizard

Levels and vault maps discovered:
D:1:      minmay_arrival_stair_chambers, layout_loops_ring
D:2:      minmay_door_path, layout_loops_corners, overflow_temple_1_default,
          minmay_crystal_water, minmay_tiny_reverse_x
D:3:      layout_loops_ring, first_ration, uniq_robin
D:4:      layout_rooms, old_standard_altar, minmay_temple_entry_enclosed_plants,
          hangedman_minor_gate_pass, uniq_blork_the_orc, uniq_grinder
D:5:      minmay_inner_zag, layout_loops_ring, bloody_trog,
          grunt_temple_overflow_open, basic_altar, brannock_xom_greatest_gift,
          uniq_edmund, uniq_sigmund
D:6:      layout_rooms, nicolae_overflow_hidden_temple,
          kennysheep_vampire_church, nemelex_diamond_rough_becter
D:7:      layout_basic, lemuel_coloured_pillars_altar, serial_shops, shop,
          fedhas_altar_decomposition
D:8:      layout_gridville, uniq_pikel

Skill      XL: |  1  2  3  4  5  6  7  8  9 |
---------------+----------------------------+-----
Long Blades    | 3 4 5 6 7 9 |  9.5
Fighting       | 4 5 6 7 |  7.9
Armour         | 4 5 7 |  7.1
Shields        | 4 5 7 |  7.1
Invocations    | 2 3 5 7 |  7.0

Action                   |  1- 3 |  4- 6 |  7- 9 | 10-12 || total
-------------------------+-------+-------+-------+-------++-------
Melee: Long sword        |   121 |    28 |   250 |    46 ||   445
       Flail             |       |   126 |   263 |       ||   389
Invok: Stomp             |       |     1 |     1 |       ||     2
  Use: Potion            |       |     2 |     3 |     1 ||     6
       Scroll            |       |       |     8 |       ||     8
 Stab: Paralysed         |       |     2 |     7 |       ||     9
  Eat: Chunk             |     1 |     6 |    10 |       ||    17
       Ration            |       |       |     2 |       ||     2
Armor: Scale mail        |    68 |    98 |    27 |       ||   193
       Ring mail         |       |       |   138 |       ||   138
       Plate armour      |       |       |   214 |    69 ||   283
Dodge: Dodged            |    55 |    62 |   169 |    23 ||   309
Block: Shield            |    78 |   110 |   356 |    58 ||   602
       Rpst.: Long sword |    17 |     1 |    24 |     4 ||    46
